 Dungeon Crawl Stone Soup version 0.29-a0-845-g6161e89988 (webtiles) character file.

Game seed: 13011478275203317184

70 jimonade the Trooper (level 4, -1/37 HPs)
             Began as a Djinni Fighter on July 15, 2022.
             Killed by divine providence
             ... invoked by an orc priest
              (15 damage)
             ... on level 3 of the Dungeon.
             The game lasted 00:04:14 (2420 turns).

jimonade the Trooper (Djinni Fighter)               Turns: 2420, Time: 00:04:14

Health: -1/37      AC: 12    Str: 15    XL:     4   Next: 45%
Gold:   156        EV:  6    Int: 11    God:
                   SH:  4    Dex: 13

rFire   + + .      SeeInvis .   a - +0 long sword
rCold   x . .      Faith    .   c - +0 buckler
rNeg    . . .      Spirit   .   u - +0 chain mail
rPois   ∞          Reflect  .   h - +2 helmet
rElec   .          Harm     .   (no cloak)
rCorr   .          Rampage  .   (no gloves)
Will    .....                   (boots unavailable)
Stlth   ..........              f - amulet of regeneration
HPRegen 0.92/turn               (no ring)
MPRegen 0.00/turn               (no ring)

@: flying
A: sickness immunity, fire resistance 2, cold vulnerability 1, float, innate
caster, HP casting, extra vitality 1
a: no special abilities


You were on level 3 of the Dungeon.
You visited 1 branch of the dungeon, and saw 3 of its levels.

You collected 156 gold pieces.

Inventory:

Hand Weapons
 a - a +0 long sword (weapon)
 b - a +0 sling
 j - a +0 falchion
 l - a +0 hand axe
Missiles
 e - 9 curare-tipped darts (quivered)
 m - 2 poisoned darts
Armour
 c - a +0 buckler (worn)
 h - a +2 helmet (worn)
 i - a +0 scale mail
 t - a +0 leather armour
 u - a +0 chain mail (worn)
Jewellery
 f - an amulet of regeneration (around neck)
Scrolls
 k - a scroll of vulnerability {unknown}
 n - a scroll of enchant armour {unknown}
 o - a scroll of identify {unknown}
 p - 3 scrolls of teleportation {unknown}
 q - a scroll of poison {unknown}
 v - a scroll of magic mapping {unknown}
 w - a scroll of fog {unknown}
Potions
 d - 4 potions of might
 g - a potion of heal wounds {unknown}
 r - 2 potions of curing {unknown}
 s - 2 potions of attraction {unknown}


   Skills:
 * Level 3.6 Fighting
 + Level 2.2 Long Blades
 + Level 3.5 Armour
 + Level 0.2 Dodging
 + Level 3.2 Shields
 * Level 0.8 Spellcasting


You had 3 spell levels left.
You knew the following spells:

 Your Spells              Type           Power      Damage    Failure   Level
a - Freeze                Ice            8%         1d3       99%         1
Your spell library was empty.

Dungeon Overview and Level Annotations

Branches:
Dungeon (3/15)

Altars:


Innate Abilities, Weirdness & Mutations

You are immune to sickness and miasma.
You are immune to poison.
Your flesh is very heat resistant. (rF++)
You are vulnerable to cold. (rC-)
You float through the air rather than walking.
You learn spells naturally, not from books.
Your magical power is your life essence.
You have superior vitality. (+4 MHP)


Message History

As you open the door, it creaks loudly!
There is an open door here.
You reach down and open the door.
A bat comes into view.
You slash the bat!
You kill the bat!
No target in view!
No target in view!
No target in view!
There is an open door here.
You see here a bat corpse.
w - a scroll labelled BEJ QOUNNEERCHU
p - 3 scrolls labelled GUIWNONA JETHID (gained 1)
There is an open door here.
There is an open door here.
You see here a +0 buckler.
An orc priest comes into view. It is wielding a +0 falchion.
The orc priest shouts!
An orc comes into view. It is wielding a +0 trident.
The orc priest moves out of view.
An orc comes into view. It is wielding a +0 dagger.
The orc shouts! x2; You hear a shout!
An orc comes into view. It is wielding a +0 mace.
The orc shouts!
A hobgoblin comes into view.
The hobgoblin shouts!
The orc priest mumbles some strange prayers to Beogh against you.
Beogh smites you!
You hit the orc but do no damage. The orc closely misses you.
A hobgoblin comes into view.
It is wearing the ring "Leitogal" {Int+6 Dex+3 SInv}.
The orc barely misses you.
You hit the orc but do no damage. The orc hits you but does no damage.
The orc priest calls down the wrath of Beogh upon you.
Beogh smites you! The orc barely misses you.
The orc hits you but does no damage.
The orc hits you from afar with a +0 trident.
You barely miss the orc.
The orc priest invokes the aid of Beogh against you.
Beogh smites you!
You die... .....## .....# .g... ....# ##o.. goo

#o# ### #@# ##.## #.#
##.#.## ####### ######.#
##.###.## #.....#
#....#.######.## ##.##
..###.#####.##.....†...##
##.# ..#
#.....†......######.##
##.##
..###.#####.#.....##
##.###.## ......###
#.##..[..# ##.#.##
........# #.##....##
##.##


You could see an orc priest, 3 orcs and 2 hobgoblins.

Vanquished Creatures
  2 adders (D:3)
  2 worms (D:2)
  5 bats
  5 endoplasms (D:1)
  4 giant cockroaches
  2 goblins
  4 hobgoblins
  4 jackals (D:2)
  2 quokkas
  6 ball pythons
  2 frilled lizards
  2 kobolds
  2 rats
42 creatures vanquished.

Notes
Turn   | Place    | Note
-------+----------+-------------------------------------------
     0 | D:1      | jimonade the Djinni Fighter began the quest for the Orb.
     0 | D:1      | Reached XP level 1. HP: 20/20 MP: 0/0
   122 | D:1      | Found a faded altar of an unknown god.
   411 | D:1      | Reached XP level 2. HP: 25/25 MP: 0/0
   858 | D:1      | Reached XP level 3. HP: 30/30 MP: 0/0
   858 | D:1      | Learned a level 1 spell: Freeze
  1506 | D:2      | Reached XP level 4. HP: 36/36 MP: 0/0
  2418 | D:3      | Identified the ring "Leitogal" {Int+6 Dex+3 SInv}
  2420 | D:3      | Killed from afar by an orc priest

Illustrated notes

Levels and vault maps discovered:
D:1:      dpeg_arrival_snail, layout_loops_corners,
          dreamdust_ecumenical_altar_statues
D:2:      layout_basic, fountainhead
D:3:      layout_loops_corners

Skill      XL: |  1  2 |
---------------+-------+-----
Long Blades    | 2 |  2.2
Fighting       | |  3.6
Armour         | |  3.5
Dodging        | |  0.2
Shields        | |  3.2
Spellcasting   | |  0.8

Action                   |  1- 3 |  4- 6 || total
-------------------------+-------+-------++-------
Melee: Long sword        |   120 |    42 ||   162
Armor: Scale mail        |    67 |       ||    67
       Chain mail        |       |    33 ||    33
Dodge: Dodged            |    59 |    16 ||    75
Block: Buckler           |    27 |     8 ||    35

Table legend: (Time is in decaauts)
 A = Elapsed time spent in this place.
 B = Non-inter-level travel time spent in this place.
 C = Inter-level travel time spent in this place.
 D = Time resting spent in this place.
 E = Time spent auto-exploring this place.
 F = Levels seen in this place.
 G = Mean time per level.
                   A        B        C        D        E       F      G
               +--------+--------+--------+--------+--------+-----+--------+
         Total |   2473 |   2296 |    177 |      0 |   1790 |   3 |  824.3 |
       Dungeon |   2473 |   2296 |    177 |      0 |   1790 |   3 |  824.3 |
               +--------+--------+--------+--------+--------+-----+--------+

Top non-repeatable levels by time:
     D:1: 1072 daAuts
     D:2: 921 daAuts
     D:3: 479 daAuts
